Map: Proxima Station LE

Players

SpeCial

  • Race: Terran Terran
  • Spawn Location: 1:00

Neeb - Winner!

  • Race: Protoss Protoss
  • Spawn Location: 7:00

Event: WCS Austin 2017

VOD

Have the link to the VOD?

Description

Time

  • Played on: April 30, 2017, 12:17 p.m.
  • Length: 10:19

All games in this series

Show
View Real Time Build Order
Export as new Build Order

SpeCial Terran 

Build Orders: Reaper Expand, MMM Bio 

Get SALT Encoding   

  12  0:00  SCV  
  13  0:12  SCV  
  14  0:17  Supply Depot  
  14  0:24  SCV  
  15  0:29  Refinery  
  15  0:39  SCV  
  16  0:44  Barracks  
  16  0:51  SCV  
  17  1:03  SCV  
  18  1:15  SCV  
  19  1:31  Orbital Command  
  19  1:32  Reaper  
  20  1:45  Command Center  
  20  1:55  Factory  
  20  1:58  SCV  
  21  2:06  Barracks Reactor  
  21  2:10  SCV  
  22  2:16  Supply Depot  
  22  2:22  SCV  
  23  2:24  Engineering Bay  
  23  2:28  Refinery  
  23  2:38  SCV  
  23  2:41  Hellion  
  23  2:43  Marine  
  23  2:44  Marine  
  29  2:52  Starport  
  29  2:55  SCV  
  28  3:03  Orbital Command  
  28  3:07  Widow Mine  
  28  3:12  SCV  
  31  3:14  Marine  
  31  3:17  Marine  
  33  3:24  SCV  
  34  3:28  SCV  
  34  3:31  Medivac  
  34  3:33  Marine  
  38  3:35  Marine  
  38  3:38  Widow Mine  
  40  3:44  SCV x2  
  42  3:49  Supply Depot  
  42  3:51  Marine  
  42  3:52  Marine  
  44  4:01  Viking  
  46  4:10  Marine x2, SCV x2  
  48  4:23  SCV x2  
  50  4:26  Supply Depot  
  50  4:28  Marine x2  
  52  4:35  SCV x2  
  54  4:44  Command Center  
  52  4:47  SCV x2  
  52  4:49  Marine x2  
  52  4:52  Factory Tech Lab  
  56  4:57  Starport Tech Lab  
  56  4:59  Barracks  
  56  5:00  SCV x2  
  56  5:01  Barracks  
  56  5:04  Supply Depot  
  56  5:06  Marine x2  
  59  5:13  SCV  
  59  5:14  SCV  
  62  5:19  Engineering Bay  
  62  5:27  Marine x2  
  63  5:28  Widow Mine  
  63  5:30  Starport Reactor  
  63  5:32  SCV x2  
  67  5:44  SCV  
  67  5:45  Supply Depot, Marine x2  
  67  5:46  Terran Infantry Weapons Level 1  
  67  5:47  Missile Turret  
  70  5:52  Supply Depot  
  70  5:56  SCV, Orbital Command  
  70  5:57  SCV  
  72  5:59  Marine  
  72  6:01  Stimpack  
  72  6:03  Marine x2  
  75  6:07  Widow Mine  
  72  6:15  SCV x2  
  72  6:17  Marine x2  
  72  6:18  Combat Shields, Refinery  
  76  6:19  Medivac  
  76  6:20  Medivac  
  76  6:21  Marine x2  
  82  6:29  Missile Turret, Orbital Command  
  82  6:34  SCV x2  
  82  6:35  Barracks, Marine x2  
  82  6:36  Barracks  
  82  6:38  Marine  
  82  6:39  Factory Reactor  
  87  6:45  Marine  
  88  6:47  Liberator  
  88  6:49  SCV x2  
  88  6:53  Refinery, Marauder x2  
  94  6:55  Supply Depot, SCV  
  94  6:56  Marine  
  94  7:00  Liberator  
  96  7:01  SCV x2  
  96  7:03  Marine  
  101  7:17  Marauder x2, Marine  
  109  7:23  Marine  
  109  7:25  Widow Mine  
  109  7:28  Supply Depot  
  109  7:29  SCV  
  109  7:30  Widow Mine  
  109  7:31  SCV  
  109  7:34  Marine  
  109  7:37  Bunker  
  109  7:39  Marauder x2  
  96  7:59  Widow Mine x2  
  96  8:00  Marauder  
  98  8:09  Marine x3  
  98  8:10  Marauder  
  88  8:14  Marine  
  84  8:21  Marauder  
  83  8:31  Marauder  
  85  8:35  Medivac x2  
  85  8:40  Marine x4  
  89  8:42  Marine  
  89  8:46  SCV x2  
  91  8:54  Marine  
  90  8:57  Marine  
  90  8:58  Marine x2, SCV  
  90  9:02  Marine, SCV  
  95  9:03  Marine  
  97  9:10  SCV  
  97  9:11  Marine  
  97  9:14  SCV  
  97  9:15  Marine x2  
  97  9:16  Widow Mine x2, Marine  
  107  9:20  Marine  
  107  9:22  SCV  
  109  9:26  SCV  
  109  9:29  Supply Depot  
  110  9:32  Supply Depot  
  110  9:41  Marine  
  110  9:43  Marauder  
  110  9:51  Marine x4  
Show
View Real Time Build Order
Export as new Build Order

Neeb Protoss - Winner!

Build Orders: 1 Gate Expand, Oracle Opening, Phoenix Opening 

Get SALT Encoding   

  12  0:00  Probe (Chrono Boost)  
  13  0:11  Probe (Chrono Boost)  
  14  0:18  Pylon  
  14  0:22  Probe (Chrono Boost)  
  15  0:36  Probe (Chrono Boost), Gateway  
  16  0:44  Assimilator  
  16  0:46  Probe (Chrono Boost)  
  17  0:57  Probe (Chrono Boost)  
  18  1:08  Probe (Chrono Boost)  
  19  1:18  Nexus  
  19  1:22  Probe (Chrono Boost)  
  20  1:31  Cybernetics Core  
  20  1:34  Probe (Chrono Boost)  
  21  1:41  Assimilator  
  21  1:45  Probe (Chrono Boost)  
  22  1:50  Pylon  
  22  1:55  Probe (Chrono Boost)  
  23  2:04  Adept  
  26  2:08  Warp Gate  
  26  2:10  Probe (Chrono Boost)  
  26  2:22  Probe (Chrono Boost)  
  27  2:31  Adept  
  27  2:32  Probe (Chrono Boost), Stargate  
  27  2:34  Probe (Chrono Boost)  
  31  2:43  Probe (Chrono Boost)  
  32  2:46  Probe (Chrono Boost)  
  33  2:53  Probe (Chrono Boost)  
  33  2:57  Probe (Chrono Boost), Adept  
  37  3:04  Probe (Chrono Boost)  
  38  3:07  Pylon  
  38  3:08  Probe (Chrono Boost)  
  38  3:10  Oracle  
  39  3:14  Probe (Chrono Boost)  
  44  3:20  Probe (Chrono Boost)  
  44  3:27  Probe (Chrono Boost)  
  45  3:31  Mothership Core (Chrono Boost)  
  45  3:32  Pylon  
  47  3:35  Pylon  
  47  3:39  Probe (Chrono Boost)  
  48  3:44  Pylon  
  48  3:46  Phoenix  
  47  3:50  Probe (Chrono Boost)  
  47  3:51  Probe (Chrono Boost)  
  51  4:00  Probe (Chrono Boost)  
  51  4:01  Nexus  
  53  4:03  Probe (Chrono Boost)  
  53  4:08  Phoenix  
  53  4:13  Probe (Chrono Boost)  
  56  4:19  Pylon  
  56  4:20  Probe (Chrono Boost)  
  57  4:25  Probe (Chrono Boost)  
  57  4:30  Assimilator, Phoenix  
  59  4:31  Assimilator  
  59  4:33  Probe (Chrono Boost)  
  59  4:35  Probe (Chrono Boost)  
  62  4:45  Probe (Chrono Boost)  
  63  4:46  Probe (Chrono Boost)  
  63  4:48  Twilight Council  
  63  4:49  Forge  
  63  4:52  Pylon  
  64  4:56  Probe (Chrono Boost), Phoenix  
  64  4:57  Probe (Chrono Boost)  
  68  5:03  Gateway  
  68  5:06  Gateway  
  68  5:09  Probe (Chrono Boost)  
  68  5:11  Probe (Chrono Boost)  
  68  5:12  Pylon  
  70  5:16  Probe (Chrono Boost)  
  70  5:17  Phoenix  
  74  5:21  Probe (Chrono Boost)  
  74  5:22  Probe (Chrono Boost)  
  74  5:23  Protoss Ground Weapons Level 1  
  74  5:28  Probe (Chrono Boost)  
  76  5:30  Sentry  
  76  5:32  Probe (Chrono Boost)  
  76  5:33  Probe (Chrono Boost)  
  80  5:39  Probe (Chrono Boost)  
  80  5:42  Robotics Facility  
  81  5:43  Probe (Chrono Boost)  
  81  5:45  Probe (Chrono Boost), Pylon, Phoenix  
  81  5:47  Resonating Glaives  
  86  5:53  Probe (Chrono Boost)  
  87  5:57  Probe (Chrono Boost)  
  87  6:11  Phoenix  
  87  6:17  Gateway  
  89  6:19  Gateway  
  89  6:20  Gateway  
  89  6:21  Gateway x2  
  89  6:23  Gateway  
  89  6:25  Gateway  
  89  6:26  Sentry  
  89  6:27  Warp Prism, Adept x2  
  89  6:29  Pylon  
  97  6:39  Phoenix  
  99  6:45  Pylon  
  99  6:50  Pylon  
  99  6:56  Adept x3  
  99  6:57  Pylon x2  
  99  6:59  Photon Cannon  
  105  7:08  Probe x2 (Chrono Boost), Phoenix  
  109  7:15  Photon Cannon  
  103  7:28  Adept x3  
  103  7:29  Adept x6  
  121  7:34  Probe x2 (Chrono Boost)  
  113  7:51  Adept x6  
  113  7:52  Adept x2  
  109  8:16  Adept x5  
  109  8:17  Adept  
  107  8:27  Probe x2 (Chrono Boost)  
  107  8:32  Probe (Chrono Boost)  
  107  8:33  Assimilator  
  108  8:34  Assimilator, Stalker x4  
  108  8:40  Probe (Chrono Boost)  
  113  8:41  Probe (Chrono Boost)  
  113  8:46  Observer  
  114  8:49  Probe (Chrono Boost)  
  114  8:52  Probe (Chrono Boost)  
  116  9:00  Adept x8  
  134  9:14  Observer  
  133  9:23  Nexus  
  133  9:28  Pylon  
  133  9:29  Adept x5  
  143  9:33  Pylon  
  143  9:57  Adept x10  
Tags
 
Add a new tag
Caveats
  • Supply blocks, unpowered buildings, or Contaminate may cause inaccurate times.
  • Supply counts are checked every 10 seconds.